 Dungeon Crawl Stone Soup version 0.23-a0-391-g8c51ad5 (webtiles) character file.

1607 Dawnplanks the Basher (level 8, -9/70 HPs)
             Began as a Minotaur Fighter on Oct 30, 2018.
             Mangled by an orc warrior
             ... wielding a +0 halberd
              (14 damage)
             ... on level 6 of the Dungeon.
             The game lasted 00:10:09 (5224 turns).

Dawnplanks the Basher (Minotaur Fighter)            Turns: 5224, Time: 00:10:09

Health: -9/70      AC:  7    Str: 22    XL:     8   Next: 63%
Magic:  7/7        EV:  9    Int:  5    God:
Gold:   373        SH: 11    Dex: 11    Spells: 7/7 levels left

rFire    . . .     SeeInvis .   a - +0 flail
rCold    + . .     Gourm    .   c - +0 shield
rNeg     . . .     Faith    .   b - +0 scale mail
rPois    .         Spirit   .   (helmet restricted)
rElec    .         Reflect  .   (no cloak)
rCorr    +         Harm     .   (no gloves)
MR       .....                  (no boots)
Stlth    ..........             (no amulet)
HPRegen  0.21/turn              v - ring of resist corrosion
MPRegen  0.10/turn              k - ring of protection from cold

@: no status effects
A: retaliatory headbutt, horns 2
a: no special abilities


You were on level 6 of the Dungeon.
You were very hungry.

You visited 1 branch of the dungeon, and saw 6 of its levels.
You also visited: Sewer.

You collected 373 gold pieces.

Inventory:

Hand Weapons
 a - a +0 flail (weapon)
Armour
 b - a +0 scale mail (worn)
 c - a +0 shield (worn)
Jewellery
 h - an uncursed ring of fire
 k - a ring of protection from cold (right hand)
 o - an uncursed ring of magical power
 v - a ring of resist corrosion (left hand)
 y - a +3 ring of intelligence
Wands
 z - a wand of digging (5)
 A - a wand of iceblast (10)
Scrolls
 d - 2 scrolls of enchant weapon {unknown}
 e - 2 scrolls of enchant armour {unknown}
 i - 2 scrolls of remove curse
 j - 2 scrolls of noise
 l - 2 scrolls of teleportation {unknown}
 n - 4 scrolls of identify
 p - 2 scrolls of fog {unknown}
 q - a scroll of immolation
 s - 3 scrolls of fear {unknown}
 x - a scroll of random uselessness {unknown}
 B - a scroll of magic mapping {unknown}
 C - a scroll of blinking {unknown}
Potions
 g - 2 potions of cancellation {unknown}
 m - 3 potions of agility {unknown}
 r - 8 potions of curing {unknown}
 t - a potion of lignification {unknown}
 u - 3 potions of heal wounds {unknown}
 w - 2 potions of degeneration {unknown}
 D - 6 potions of brilliance {unknown}
Comestibles
 f - 7 rations


   Skills:
 + Level 5.8 Fighting
 + Level 8.4 Maces & Flails
 + Level 7.2 Armour
 + Level 2.7 Dodging
 + Level 6.9 Shields


You had 7 spell levels left.
You didn't know any spells.
Your spell library was empty.

Dungeon Overview and Level Annotations

Branches:
Dungeon (6/15)
 Temple: D:4-7

Altars:
Ashenzari
Cheibriados
Elyvilon
Qazlal
Ru
Sif Muna


Innate Abilities, Weirdness & Mutations

You reflexively headbutt those who attack you in melee.
You have a pair of horns on your head.


Message History

The orc warrior hits you but does no damage.
You hit the orc warrior but do no damage.
The orc warrior is moderately wounded.
You block the orc warrior's attack.
You closely miss the orc warrior. You headbutt the orc warrior.
The orc warrior is heavily wounded.
The orc warrior hits you with a +0 halberd!
* * * LOW HITPOINT WARNING * * *
You hit the orc warrior but do no damage.
You headbutt the orc warrior!
The orc warrior is severely wounded.
You hit the orc warrior.
The orc warrior is almost dead.
The orc warrior hits you with a +0 halberd!
* * * LOW HITPOINT WARNING * * *
You hit the orc warrior but do no damage.
You headbutt the orc warrior, but do no damage.
The orc warrior is almost dead.
The orc warrior hits you with a +0 halberd!
You die...

....# ...##
...##########. .
...'.......... ..
...###...#### ######...
.....#...#######........
.....#.....#...)....!...
.....#.....#...#.....#+
.....#.....'...#@†...+
..<..###########o....#
............. ......#
............. ..........
........................
..................>.....
..#############+#####...
..# ... ..#


You could see an orc warrior.

Vanquished Creatures
  Sigmund (D:3)
  An ice beast (D:6)
  A sky beast (D:4)
  2 ogres
  2 centaurs
  2 big kobolds (Sewer)
  2 scorpions
  A howler monkey (D:4)
  2 crimson imps
  An orc priest (D:3)
  A bullfrog skeleton (D:5)
  Jessica (D:3)
  An iguana (D:4)
  2 orc wizards (D:3)
  7 worker ants
  A hound skeleton (D:4)
  A worker ant zombie (D:6)
  6 adders
  6 river rats (Sewer)
  An adder skeleton (D:5)
  3 worms
  A dart slug (D:4)
  5 leopard geckos
  17 orcs
  7 ball pythons
  7 bats
  3 giant cockroaches
  3 goblins
  9 hobgoblins
  4 jackals (D:5)
  17 kobolds
  3 quokkas
  A ball python skeleton (D:5)
  6 frilled lizards
  A leopard gecko skeleton (D:4)
  25 rats
154 creatures vanquished.

Notes
Turn   | Place    | Note
-------+----------+-------------------------------------------
     0 | D:1      | Dawnplanks the Minotaur Fighter began the quest for the
                  | Orb.
     0 | D:1      | Reached XP level 1. HP: 19/19 MP: 0/0
   273 | D:1      | Reached XP level 2. HP: 27/27 MP: 1/1
  1136 | D:2      | Found a white marble altar of Elyvilon.
  1157 | D:2      | Reached XP level 3. HP: 33/33 MP: 2/2
  1332 | D:2      | Found a deep blue altar of Sif Muna.
  1335 | D:2      | Found a shattered altar of Ashenzari.
  1338 | D:2      | Found a snail-covered altar of Cheibriados.
  1420 | D:3      | Noticed Jessica
  1433 | D:3      | Killed Jessica
  1433 | D:3      | Reached skill level 3 in Maces & Flails
  1745 | D:3      | Reached XP level 4. HP: 40/40 MP: 3/3
  1807 | D:3      | Noticed Sigmund
  1815 | D:3      | Killed Sigmund
  1815 | D:3      | Reached skill level 4 in Maces & Flails
  1815 | D:3      | Reached skill level 5 in Armour
  1815 | D:3      | Reached skill level 1 in Dodging
  1815 | D:3      | Reached XP level 5. HP: 41/47 MP: 4/4
  1824 | D:3      | Reached XP level 6. HP: 45/53 MP: 5/5
  2068 | D:3      | Found a sacrificial altar of Ru.
  2078 | D:3      | Reached skill level 5 in Shields
  2417 | D:4      | Reached skill level 5 in Maces & Flails
  2677 | D:4      | Found a stormy altar of Qazlal.
  2720 | D:4      | Noticed a sky beast
  2734 | D:4      | Killed a sky beast
  2963 | D:4      | Reached XP level 7. HP: 59/60 MP: 6/6
  3080 | D:4      | Reached skill level 6 in Maces & Flails
  3170 | D:4      | Noticed an air elemental
  3173 | D:4      | Noticed a water elemental
  3173 | D:4      | Noticed a fire elemental
  3265 | D:4      | Reached skill level 5 in Fighting
  3363 | D:5      | Entered Level 5 of the Dungeon
  3520 | D:5      | Reached skill level 7 in Maces & Flails
  4010 | D:5      | Reached XP level 8. HP: 68/68 MP: 7/7
  4168 | D:6      | Found a glowing drain.
  4299 | Sewer    | Entered a sewer
  4336 | Sewer    | Reached skill level 8 in Maces & Flails
  5224 | D:6      | Mangled by an orc warrior

Vault maps used:
D:1:      minmay_arrival_semitransparent, serial_forest, infiniplex_forest_pool,
          infiniplex_forest_clump_cross, infiniplex_forest_lined_3,
          infiniplex_forest_clump_small, infiniplex_forest_split,
          infiniplex_forest_split, infiniplex_forest_clump_small
D:2:      lemuel_crystal_altar, grunt_temple_overflow_diamond,
          kennysheep_generic_room_12
D:3:      serial_corexii_hall, chequers_hall_statues_y,
          chequers_hall_statues_wall_a, first_ration,
          chequers_serial_rivers_micro_b, nicolae_ru_awakened_eye, uniq_jessica,
          uniq_sigmund
D:4:      nicolae_qazlal_style_of_elements
D:6:      minmay_opposing_rooms, cheibrodos_sewer_entry_drain
Sewer:    sewer_minmay_treatment

Skill      XL: |  1  2  3  4  5  6  7  8 |
---------------+-------------------------+-----
Armour         | 4 5 6 7 |  7.2
Shields        | 4 5 6 |  6.9
Fighting       | 4 5 |  5.8
Maces & Flails | 3 4 5 7 8 |  8.4
Dodging        | 1 2 |  2.7

Action                   |  1- 3 |  4- 6 |  7- 9 || total
-------------------------+-------+-------+-------++-------
Melee: Flail             |   114 |   100 |   252 ||   466
       Headbutt          |     9 |    19 |    59 ||    87
  Use: Potion            |       |     1 |       ||     1
       Scroll            |       |       |     3 ||     3
  Eat: Chunk             |     3 |     4 |     6 ||    13
Armor: Scale mail        |    53 |    37 |    67 ||   157
Dodge: Dodged            |    27 |    25 |    83 ||   135
Block: Shield            |    60 |    39 |   153 ||   252

Table legend:
 A = Non-vault XP
 B = Vault XP
 C = Vault XP percentage of total XP
 D = Non-vault monster count
 E = Vault monster count
 F = Vault count percentage of total count
                 A         B        C        D         E       F
            +---------+---------+-------+---------+---------+-------
      Total |    1682 |     614 |  26.7 |     101 |      53 |  34.4
            +---------+---------+-------+---------+---------+-------
        D:1 |      22 |       0 |   0.0 |      14 |       0 |   0.0
        D:2 |      25 |       0 |   0.0 |      15 |       0 |   0.0
        D:3 |     178 |     260 |  59.4 |      22 |       2 |   8.3
        D:4 |     506 |       0 |   0.0 |      21 |       0 |   0.0
        D:5 |     538 |       0 |   0.0 |      19 |       0 |   0.0
        D:6 |     413 |       7 |   1.7 |      10 |       3 |  23.1
      Sewer |       0 |     347 | 100.0 |       0 |      48 | 100.0
            +---------+---------+-------+---------+---------+-------
